[Event "Early-Titled-Tuesday-Blitz-September-05-2023"]
[Site "Chess.com"]
[Date "2023.09.05"]
[Round "11"]
[White "Let_it_be_1"]
[Black "bazar-wokzal"]
[Result "1-0"]
[WhiteElo "2638"]
[BlackElo "2514"]
[TimeControl "180+1"]
[EndTime "10:04:33 PDT"]
[Termination "Let_it_be_1 won by resignation"]

1. e4 Nc6 2. Nf3 d5 3. exd5 Qxd5 4. Nc3 Qa5 5. d4 Bg4 6. Bb5 O-O-O 7. Bxc6 bxc6 8.
Qd3 c5 9. d5 e6 10. h3 Rxd5 11. Qe2 Bh5 12. O-O Nf6 13. Nxd5 exd5 14. Qe5 Bd6 15.
Qf5+ Kb8 16. Bf4 Bg6 17. Qg5 h6 18. Qh4 Qb4 19. Bxd6 Qxh4 20. Nxh4 cxd6 21. Nxg6 fxg6 22. Rfe1 Rd8 23. Re7 Rd7 24. Rxd7 Nxd7 25. Re1 Ne5 26. f4 Nc4 27. c3 Kc7 28. b3 Na3 29. Re7+ Kb6 30. Rxg7 Nb1 31. Rxg6 Nxc3 32. Rxd6+ Kc7 33. Rxh6 Nxa2 34. Kf2 Nc1 35. Ke3 Nxb3 36. f5 c4 37. f6 Kd6 38. f7+ Ke7 39. Rf6 d4+ 40. Ke2 Kf8 41. Rc6 d3+ 42. Kd1 Kxf7 43. Rxc4 a5 44. Rc3 a4 45. Rxd3 Kf6 46. Rxb3 axb3 47. Kc1 1-0

[Event "Early-Titled-Tuesday-Blitz-September-05-2023"]
[Site "Chess.com"]
[Date "2023.09.05"]
[Round "11"]
[White "artooon"]
[Black "AlexPapasimakopoulos"]
[Result "1-0"]
[WhiteElo "3052"]
[BlackElo "2756"]
[TimeControl "180+1"]
[EndTime "10:04:34 PDT"]
[Termination "artooon won by checkmate"]

1. e4 e6 2. d4 d5 3. Nd2 Nf6 4. e5 Nfd7 5. Ngf3 c5 6. c3 Be7 7.
Bd3 b5 8. O-O b4 9. c4 Ba6 10.
Qe2 dxc4 11. Bxc4 Bxc4 12. Nxc4 O-O 13. Rd1 cxd4 14. Nxd4 Qc8 15. Na5 Bc5 16. Be3 Qa6 17. Qf3 Nb6 18. Nab3 Bxd4 19. Bxd4 N8d7 20. h4 Nd5 21. h5 h6 22. Rd3 Kh8 23. Rad1 Rac8 24. Qg4 Qxa2 25. Ra1 Rc1+ 26. Rxc1 Qa6 27. Rg3 Rg8 28. Nc5 Nxc5 29. Rxc5 Ne7 30. Rf3 Qe2 31. Qf4 Nd5 32. Rxd5 exd5 33. Kh2 Rf8 34. Kg3 a5 35.
Qe3 Qa6 36. e6 f6 37. e7 Qd6+ 38. Kh3 Re8 39. Rxf6 Rxe7 40. Qxh6+ gxh6 41. Rf8+ Kh7 42. Rh8# 1-0

[Event "Early-Titled-Tuesday-Blitz-September-05-2023"]
[Site "Chess.com"]
[Date "2023.09.05"]
[Round "11"]
[White "Herzog2012"]
[Black "FGHSMN"]
[Result "0-1"]
[WhiteElo "2485"]
[BlackElo "2898"]
[TimeControl "180+1"]
[EndTime "10:04:34 PDT"]
[Termination "FGHSMN won by resignation"]

1. e4 c5 2. Nf3 d6 3. d4 cxd4 4.
Nxd4 Nf6 5. Nc3 a6 6. Bc4 e6 7.
O-O b5 8. Bb3 Be7 9. Qf3 Qc7 10.
Qg3 O-O 11. Bh6 Nh5 12. Qg4 Qc5 13. Be3 Nf6 14. Qg3 Qh5 15. f3 Bb7 16. a4 b4 17.
Nce2 Nc6 18. Nf4 Nxd4 19. Bxd4 Qh6 20. Nd3 e5 21. Bb6 a5 22. Qf2 Nh5 23. Be3 Qg6 24.
Nc1 Kh8 25. Qd2 f5 26. exf5 Qxf5 27. Ne2 Qg6 28. Bd5 Bxd5 29. Qxd5 Qxc2 30. Rf2 Qxb2 31. Re1 Qa3 32. Nd4 exd4 33. Bxd4 Bf6 34. Bb6 g6 35. Qxd6 Qxa4 36. Qc6 Qxc6 0-1

[Event "Early-Titled-Tuesday-Blitz-September-05-2023"]
[Site "Chess.com"]
[Date "2023.09.05"]
[Round "11"]
[White "kingofthenil"]
[Black "mishanick"]
[Result "0-1"]
[WhiteElo "2769"]
[BlackElo "3065"]
[TimeControl "180+1"]
[EndTime "10:04:40 PDT"]
[Termination "mishanick won on time"]

1. e4 c5 2. Nf3 d6 3. d4 cxd4 4. Nxd4 Nf6 5. Nc3 a6 6. g3 e5 7.
Nf3 Be7 8. Bg2 Nbd7 9. a4 Nc5 10. Nd2 Bg4 11. Bf3 Bh3 12. Nf1 Qd7 13. Ne3 O-O 14.
g4 Bd8 15. g5 Ne8 16. Ncd5 f5 17. gxf6 Bf5 18. Nxf5 Nxf6 19. Nxf6+ Rxf6 20. Rg1 g6 21. Bg4 Qc6 22. Nh6+ Kg7 23. f3 Rf8 24. Qd5 Bh4+ 25. Kd1 Qb6 26. Be3 Qxb2 27. Rc1 Nxa4 28. Bd2 Nc3+ 29. Bxc3 Qxc3 30. Nf5+ gxf5 31. Bxf5+ Kh8 32. Qxb7 Qd4+ 33. Ke2 Qf2+ 34. Kd3 Qxf3+ 35. Kc4 d5+ 36. Kxd5 Rad8+ 37. Kc4 Qe2+ 38. Kb3 Rb8 39. Rg7 Qb5+ 0-1

[Event "Early-Titled-Tuesday-Blitz-September-05-2023"]
[Site "Chess.com"]
[Date "2023.09.05"]
[Round "11"]
[White "Amirreza_p"]
[Black "falzehope0"]
[Result "0-1"]
[WhiteElo "2564"]
[BlackElo "2475"]
[TimeControl "180+1"]
[EndTime "10:04:40 PDT"]
[Termination "falzehope0 won by checkmate"]

1. Nf3 d5 2. c4 e6 3. g3 f5 4. Bg2 Bd6 5. O-O Nf6 6. b3 f4 7. Bb2 O-O 8. Ne5 fxg3 9. hxg3 Bxe5 10.
Bxe5 Ng4 11. Bb2 Qg5 12. Bf3 Nc6 13. cxd5 exd5 14. Kg2 Nce5 15. Bxd5+ Kh8 16. f4 Qd8 17. Be4 Ng6 18. Nc3 c6 19. Rh1 Bf5 20. Bxf5 Rxf5 21. e4 Nxf4+ 22. gxf4 Rxf4 23. Rf1 Ne3+ 24. dxe3 Qg5+ 25.
Kh2 Rh4# 0-1

[Event "Early-Titled-Tuesday-Blitz-September-05-2023"]
[Site "Chess.com"]
[Date "2023.09.05"]
[Round "11"]
[White "Vesper2018"]
[Black "ShahMatKanal"]
[Result "1-0"]
[WhiteElo "2595"]
[BlackElo "2462"]
[TimeControl "180+1"]
[EndTime "10:04:42 PDT"]
[Termination "Vesper2018 won on time"]

1. e4 c5 2. Nc3 Nc6 3. Bb5 g6 4. Bxc6 dxc6 5. d3 Bg7 6. Be3 b6 7. Qd2 e5 8. f4 exf4 9. Bxf4 Nf6 10.
Nf3 O-O 11. Bh6 Bg4 12. O-O-O Bxf3 13. gxf3 Nh5 14. Bxg7 Kxg7 15. f4 f5 16. e5 Qe7 17.
d4 Rad8 18. Qe3 cxd4 19. Rxd4 Rxd4 20. Qxd4 Rd8 21. Qe3 Qb4 22. Ne2 Kf7 23. c3 Qc4 24.
b3 Qd5 25. Re1 Ng7 26. Nd4 Ne6 27. Qh3 Nxd4 28. Qxh7+ Ke6 29. Qxg6+ Ke7 30. cxd4 Qxd4 31. Qf6+ Ke8 32. Qxc6+ Ke7 33. Kb1 Qd3+ 34. Qc2 Qd2 35. Rg1 Qxf4 36. Qc7+ Ke6 37. Rg6+ Kd5 38. Qxd8+ Ke4 39.
Qd1 1-0

[Event "Early-Titled-Tuesday-Blitz-September-05-2023"]
[Site "Chess.com"]
[Date "2023.09.05"]
[Round "11"]
[White "Taran2004"]
[Black "rdarruda"]
[Result "1/2-1/2"]
[WhiteElo "2364"]
[BlackElo "2548"]
[TimeControl "180+1"]
[EndTime "10:04:43 PDT"]
[Termination "Game drawn by repetition"]

1. e4 c5 2. Nf3 Nc6 3. Bb5 g6 4. O-O Bg7 5. c3 Nf6 6. Re1 O-O 7. d4 cxd4 8. cxd4 d5 9. e5 Ne4 10. Nc3 Nxc3 11. bxc3 Bd7 12. Bf4 Nxe5 13. Bxe5 Bxb5 14. Bxg7 Kxg7 15. Qd2 Qd6 16. h4 h6 17. Ne5 f6 18.
Ng4 g5 19. Re3 Bd7 20. Nh2 Rae8 21. Rae1 Bf5 22. Qe2 e6 23. g4 Bg6 24. Rxe6 Rxe6 25.
Qxe6 Qxe6 26. Rxe6 Kf7 27. Rd6 Rc8 28. Rd7+ Ke6 29.
Rxb7 Rxc3 30. Rxa7 Be4 31. Ra6+ Ke7 32. f3 Bxf3 33. Nxf3 Rxf3 34. hxg5 hxg5 35. Ra5 Ke6 36. Ra6+ Kd7 37. Ra5 Kc6 38. Ra6+ Kc7 39. Kg2 Rf4 40.
Kg3 Kd7 41. Ra5 Ke6 42. Ra6+ Kf7 43. Ra4 Kg6 44. Rb4 Re4 45. a4 Re3+ 46. Kf2 Ra3 47. Rb5 Rxa4 48. Rxd5 Kf7 49. Rd6 Ke7 50. Rd5 Ke6 51.
Rd8 Ra3 52. Re8+ Kd5 53. Rf8 Ra6 54. Ke3 Re6+ 55. Kd3 Ra6 56. Ke3 Ra3+ 57. Kf2 Ke6 58. Re8+ Kd7 59. Re3 Ra4 60. Rd3 Ke6 61. Ke3 Kd5 62.
Rb3 Ra5 63. Rb6 Ra3+ 64. Kf2 Ra2+ 65. Kf3 Ra3+ 66. Kf2 Ra2+ 67. Kf3 Ra3+ 68. Kg2 Ra2+ 69. Kf3 1/2-1/2

[Event "Early-Titled-Tuesday-Blitz-September-05-2023"]
[Site "Chess.com"]
[Date "2023.09.05"]
[Round "11"]
[White "wonderfultime"]
[Black "vugarrasulov"]
[Result "1/2-1/2"]
[WhiteElo "3025"]
[BlackElo "2963"]
[TimeControl "180+1"]
[EndTime "10:04:44 PDT"]
[Termination "Game drawn by agreement"]

1. d4 d5 2. Nf3 Nf6 3. Bf4 e6 4. e3 Bd6 5. Nbd2 O-O 6. Bd3 Nc6 7. c3 Qe7 8. Ne5 Nd7 9. Nxd7 Bxd7 10. Bxd6 cxd6 11.
O-O e5 12. Qb3 Be6 13. Rae1 Qc7 14. f4 e4 15. Be2 f5 16. Kh1 a6 17. Rg1 Qd7 18.
h3 Rf6 19. Qb6 Rb8 20. Rc1 Qd8 21. Qxd8+ Rxd8 22. g4 Rf7 23. Kg2 g6 24. Kg3 Kf8 25. g5 Ke7 26. h4 h5 27. gxh6 Rh8 28. Rh1 Rxh6 29. c4 Rfh7 30. a3 Nd8 31. b4 Nf7 32. c5 g5 33. fxg5 Nxg5 34. h5 Rg7 35. Kf2 f4 1/2-1/2

[Event "Early-Titled-Tuesday-Blitz-September-05-2023"]
[Site "Chess.com"]
[Date "2023.09.05"]
[Round "11"]
[White "hurricane7791"]
[Black "Emp3rador"]
[Result "1-0"]
[WhiteElo "2720"]
[BlackElo "2502"]
[TimeControl "180+1"]
[EndTime "10:04:44 PDT"]
[Termination "hurricane7791 won on time"]

1. d4 d5 2. c4 c6 3. Nf3 Nf6 4. Nc3 dxc4 5. a4 Bf5 6. e3 e6 7.
Bxc4 Bb4 8. O-O O-O 9. Nh4 Bg4 10. f3 Bh5 11. g4 Bg6 12. Nxg6 hxg6 13. e4 Nbd7 14.
Be3 Qa5 15. Na2 Be7 16. g5 Ne8 17. f4 Nd6 18. Bd3 Rfd8 19. Rc1 Rac8 20. b4 Qc7 21. h4 a5 22. b5 Qb8 23. h5 gxh5 24.
Qxh5 g6 25. Qh3 cxb5 26. axb5 Rxc1 27. Nxc1 Bf8 28. Ne2 Bg7 29. Ng3 Rc8 30. f5 Rc3 31. f6 Rxd3 32. fxg7 Kxg7 33. Qh6+ Kg8 34. Bf4 Rxd4 35.
Nh5 gxh5 36. g6 Nf8 37. Be5 f6 38. Bxf6 1-0

[Event "Early-Titled-Tuesday-Blitz-September-05-2023"]
[Site "Chess.com"]
[Date "2023.09.05"]
[Round "11"]
[White "03revilo"]
[Black "gau248"]
[Result "0-1"]
[WhiteElo "2458"]
[BlackElo "2586"]
[TimeControl "180+1"]
[EndTime "10:04:46 PDT"]
[Termination "gau248 won by resignation"]

1. e4 c5 2. Nc3 Nc6 3. g3 e6 4. Bg2 Nge7 5. Nge2 d5 6. exd5 Nxd5 7. Nxd5 exd5 8. d4 c4 9. O-O Bd6 10. Bxd5 O-O 11.
Bg2 Bf5 12. Re1 Nb4 13. c3 Nc2 14. Bf4 Nxe1 15. Qxe1 Re8 16. Bxd6 Qxd6 17. Qd2 Bd3 18. Nf4 Qh6 19. Rd1 Qa6 20. Nxd3 cxd3 21. Qxd3 Re1+ 22.
Bf1 Rxd1 23. Qxd1 Qxa2 24. Qd2 Rd8 25. h4 h6 26. Bd3 a5 27. Bc2 Qe6 28. Qd3 g6 29. Qb5 Qd5 30. Qb6 Rd6 31. Qc7 Re6 32. Bd3 Re1+ 33. Bf1 Qb5 34. c4 Qxb2 35. Qd8+ Kg7 36.
Kg2 Qb1 37. Qd6 Qe4+ 38. f3 Qc2+ 39. Kh3 Qf2 40. Qe5+ Rxe5 0-1

[Event "Early-Titled-Tuesday-Blitz-September-05-2023"]
[Site "Chess.com"]
[Date "2023.09.05"]
[Round "11"]
[White "Aswathchess"]
[Black "GasconJR"]
[Result "0-1"]
[WhiteElo "2613"]
[BlackElo "2731"]
[TimeControl "180+1"]
[EndTime "10:04:49 PDT"]
[Termination "GasconJR won on time"]

1. e4 e5 2. Nf3 Nc6 3. Bc4 Nf6 4. d3 h6 5. O-O d6 6. a4 g6 7. h3 g5 8. Nh2 Rg8 9. Qf3 Nd4 10. Qd1 g4 11. c3 Nc6 12. h4 Nh5 13. g3 Qf6 14.
Na3 a6 15. Nc2 Nf4 16. Ne3 h5 17. gxf4 exf4 18. Nd5 Qxh4 19. Bxf4 Kd8 20. Qd2 Ne5 21.
Bxe5 dxe5 22. Kh1 Be6 23. d4 Bd6 24. dxe5 Bxe5 25. Nf4+ Ke7 26. Bxe6 fxe6 27. f3 g3 28. Rg1 Bxf4 0-1

[Event "Early-Titled-Tuesday-Blitz-September-05-2023"]
[Site "Chess.com"]
[Date "2023.09.05"]
[Round "11"]
[White "tteshan"]
[Black "Chessdude1987"]
[Result "1-0"]
[WhiteElo "2570"]
[BlackElo "2438"]
[TimeControl "180+1"]
[EndTime "10:04:49 PDT"]
[Termination "tteshan won on time"]

1. d4 e6 2. e4 d5 3. Nd2 c5 4.
exd5 Qxd5 5. Ngf3 cxd4 6. Bc4 Qd6 7. O-O Nf6 8. Nb3 Nc6 9. Nbxd4 Nxd4 10. Qxd4 Qxd4 11.
Nxd4 Bc5 12. Nb3 Bb6 13. Bf4 O-O 14. a4 a5 15. Rad1 Bd7 16. Bd6 Rfc8 17. Nd2 Bxa4 18. b3 Bc6 19. Rfe1 Rd8 20. Bg3 Rd7 21. Nb1 Rad8 22.
Rxd7 Rxd7 23. Nc3 Rd2 24. Bd3 Ng4 25. Rf1 Ne3 26. Rc1 Ng4 27. Rf1 Ne3 28. Rc1 Ng4 29. Nd1 Bd5 30. h3 Nxf2 31. Bxf2 Bxf2+ 32. Nxf2 1-0

[Event "Early-Titled-Tuesday-Blitz-September-05-2023"]
[Site "Chess.com"]
[Date "2023.09.05"]
[Round "11"]
[White "PawnEatingZombie"]
[Black "AlphaPerseii"]
[Result "0-1"]
[WhiteElo "2063"]
[BlackElo "2346"]
[TimeControl "180+1"]
[EndTime "10:04:53 PDT"]
[Termination "AlphaPerseii won by resignation"]

1. e4 c6 2. d4 d5 3. exd5 cxd5 4. c3 e6 5. Nf3 Bd6 6. Bd3 Nc6 7. O-O Nge7 8. Re1 Qc7 9. Na3 a6 10. Nc2 b5 11.
Ne3 Bd7 12. g3 O-O 13. Ng2 f6 14. Bf4 e5 15. dxe5 fxe5 16. Nxe5 Nxe5 17. Bxh7+ Kxh7 18. Bxe5 Rf5 19. Bxd6 Qxd6 20. Qd3 Kh8 21. Nh4 Rf6 22. Rxe7 g5 23. Rxd7 Qxd7 24. Ng6+ Kg7 25. Ne5 Qe6 26. Qd4 Re8 27. Nd3 Qe4 28. Rf1 Qxd4 29. cxd4 Re2 30. Rd1 Rc6 31. Nc5 Rxb2 32. Re1 Rxa2 33. Re7+ Kf6 34.
Re5 Rxc5 0-1

[Event "Early-Titled-Tuesday-Blitz-September-05-2023"]
[Site "Chess.com"]
[Date "2023.09.05"]
[Round "11"]
[White "viktorskliarov"]
[Black "szachuspl"]
[Result "1-0"]
[WhiteElo "2658"]
[BlackElo "2540"]
[TimeControl "180+1"]
[EndTime "10:04:55 PDT"]
[Termination "viktorskliarov won by resignation"]

1. e4 g6 2. d4 Bg7 3. Nc3 d6 4.
Be3 Nf6 5. f3 a6 6. Qd2 Nc6 7.
g4 h5 8. g5 Nd7 9. Nge2 e5 10.
d5 Ne7 11. h4 O-O 12. O-O-O b5 13. Ng3 Nb6 14. b3 Bd7 15. Kb1 b4 16. Nce2 a5 17.
Bh3 Bxh3 18. Rxh3 Qd7 19. Rh2 a4 20. Qxb4 Rfb8 21. Bxb6 Rxb6 22. Qc4 Nc8 23. Nc1 axb3 24. cxb3 Rba6 25. Nf1 Nb6 26. Qc6 Qxc6 27. dxc6 Nc8 28. Rc2 Ne7 29. Ne3 Nxc6 30. Nd5 Nd4 31. Rxd4 exd4 32.
Nxc7 Be5 33. Nxa6 Rxa6 34. Nd3 Bg3 35. Rg2 Bxh4 36. a4 Kg7 37. Kb2 Rc6 38. a5 f6 39.
gxf6+ Bxf6 40. b4 Bd8 41. Nf4 d5 42. exd5 Rd6 43. Ne6+ Kf6 44. Nxd8 Rxd8 45. a6 Rxd5 46. a7 Rd8 47. b5 d3 48. Kc1 d2+ 49. Kd1 Ra8 50. b6 Kf5 51. Rxd2 1-0

[Event "Early-Titled-Tuesday-Blitz-September-05-2023"]
[Site "Chess.com"]
[Date "2023.09.05"]
[Round "11"]
[White "S-Fazulyanov"]
[Black "NowInChess"]
[Result "1-0"]
[WhiteElo "2445"]
[BlackElo "2278"]
[TimeControl "180+1"]
[EndTime "10:04:57 PDT"]
[Termination "S-Fazulyanov won on time"]

1. e4 e6 2. d4 d5 3. e5 c5 4. c3 Nc6 5. Nf3 Qb6 6. a3 f6 7. Bd3 fxe5 8. dxe5 c4 9. Bc2 Bd7 10. O-O O-O-O 11. b4 Nh6 12. Be3 Qc7 13. b5 Nxe5 14.
Nxe5 Qxe5 15. Bxa7 Bd6 16. f4 Qf6 17. Bd4 Qh4 18.
g3 Qh3 19. Qe2 Bxb5 20. Nd2 Rhg8 21. Nf3 Bd7 22. Bxh7 Rh8 23. Ng5 Qg4 24. Qxg4 Nxg4 25. Bxg7 Bc5+ 26. Kh1 d4 27. Bxh8 Rxh8 28. Kg2 Bc6+ 29.
Be4 Rxh2+ 30. Kf3 Bxe4+ 31. Nxe4 Nh6 32. Nxc5 1-0

[Event "Early-Titled-Tuesday-Blitz-September-05-2023"]
[Site "Chess.com"]
[Date "2023.09.05"]
[Round "11"]
[White "MusicCityMaster"]
[Black "Rurep26"]
[Result "1/2-1/2"]
[WhiteElo "2425"]
[BlackElo "2823"]
[TimeControl "180+1"]
[EndTime "10:05:01 PDT"]
[Termination "Game drawn by repetition"]

1. e4 e6 2. d4 d5 3. Nc3 Bb4 4. e5 c5 5. a3 Bxc3+ 6. bxc3 Qc7 7. Nf3 b6 8. Bb5+ Bd7 9. Bd3 Ba4 10.
O-O cxd4 11. cxd4 Qc3 12. Rb1 Ne7 13. Rb4 Qc6 14. Qe2 Nd7 15. Bg5 a5 16. Rb2 Nf5 17.
Rfb1 Rc8 18. g4 Ne7 19. Bxe7 Kxe7 20. Qe3 h6 21. g5 Qc3 22. Qf4 Rc6 23. g6 Rf8 24.
gxf7 Rxf7 25. Qh4+ g5 26. Qxh6 Rxf3 27. Qxg5+ Ke8 28.
Qh5+ Rf7 29. Bg6 Qxd4 30. Bxf7+ Kd8 31. Bg6 Kc7 32. Qh7 Qg4+ 33. Kh1 Qf3+ 34. Kg1 Qg4+ 35.
Kh1 Qf3+ 36. Kg1 Qg4+ 1/2-1/2

[Event "Early-Titled-Tuesday-Blitz-September-05-2023"]
[Site "Chess.com"]
[Date "2023.09.05"]
[Round "11"]
[White "FormerProdigy"]
[Black "GMWSO"]
[Result "0-1"]
[WhiteElo "2900"]
[BlackElo "3054"]
[TimeControl "180+1"]
[EndTime "10:05:03 PDT"]
[Termination "GMWSO won by checkmate"]

1. d4 d5 2. c4 c6 3. Nf3 Nf6 4. e3 Bf5 5. Nc3 e6 6. Nh4 Be4 7. f3 Bg6 8. Qb3 Qc7 9. Bd2 Be7 10. Nxg6 hxg6 11. cxd5 cxd5 12. O-O-O Nc6 13. Kb1 a6 14.
Rc1 Rc8 15. Be2 Nd7 16. Be1 b5 17.
Bg3 Qd8 18. Qd1 Nb6 19. a4 O-O 20. axb5 axb5 21. Nxb5 Qd7 22. Qd2 Ra8 23. Nc7 Ra7 24.
Bb5 Nc4 25. Bxc4 dxc4 26. Rxc4 Na5 27. Rhc1 Nb3 28. Qd3 Ra1+ 29. Kc2 Nxc1 30. Qe4 Na2 31. Kd2 Nb4 32. Qb7 Nd5 33. Ke2 Nxc7 34. Rxc7 Qa4 35.
Rxe7 Qc2# 0-1

[Event "Early-Titled-Tuesday-Blitz-September-05-2023"]
[Site "Chess.com"]
[Date "2023.09.05"]
[Round "11"]
[White "rachidhuilda"]
[Black "Boxerandchessplayer"]
[Result "0-1"]
[WhiteElo "2285"]
[BlackElo "2104"]
[TimeControl "180+1"]
[EndTime "10:05:05 PDT"]
[Termination "Boxerandchessplayer won on time"]

1. d4 Nf6 2. Bg5 Ne4 3. Bf4 d5 4. e3 Bf5 5. Bd3 e6 6. g4 Qh4 7.
Bxe4 Bxe4 8. Bg3 Qf6 9. f3 Bg6 10. Bxc7 Na6 11. Be5 Qh4+ 12. Bg3 Qf6 13. Qe2 Bb4+ 14.
c3 Qe7 15. cxb4 Nxb4 16. Qb5+ Kf8 17. Na3 Rc8 18. Ne2 a6 19. Qa4 Nd3+ 20. Kf1 Nxb2 21. Qb3 Nd3 22. Kg2 b5 23. h4 h5 24. Rad1 hxg4 0-1

[Event "Early-Titled-Tuesday-Blitz-September-05-2023"]
[Site "Chess.com"]
[Date "2023.09.05"]
[Round "11"]
[White "vovachesss"]
[Black "Fandorine"]
[Result "0-1"]
[WhiteElo "2774"]
[BlackElo "2915"]
[TimeControl "180+1"]
[EndTime "10:05:06 PDT"]
[Termination "Fandorine won by resignation"]

1. e4 e5 2. Nf3 Nc6 3. Nc3 Nf6 4. d4 exd4 5. Nxd4 Nxe4 6. Nxe4 Qe7 7. f3 d5 8. Bb5 Bd7 9. Bxc6 bxc6 10. O-O dxe4 11. fxe4 c5 12. Nf5 Qe6 13. Qf3 Bc6 14. Bg5 f6 15.
Qh3 Bd7 16. Bf4 O-O-O 17. Qa3 Qb6 18. Be3 Bc6 19. Rad1 Re8 20. Ng3 h5 21. Qc3 h4 22.
Ne2 Rxe4 23. Nf4 Bd6 24. Ng6 Rg4 25. Nf4 Bxf4 26. Rxf4 Rxg2+ 27. Kf1 Rxh2 28. Kg1 Rh1+ 29. Kf2 Rxd1 0-1

[Event "Early-Titled-Tuesday-Blitz-September-05-2023"]
[Site "Chess.com"]
[Date "2023.09.05"]
[Round "11"]
[White "KNVB"]
[Black "NovoselovRoman"]
[Result "0-1"]
[WhiteElo "2758"]
[BlackElo "2592"]
[TimeControl "180+1"]
[EndTime "10:05:07 PDT"]
[Termination "NovoselovRoman won on time"]

1. d4 d5 2. Bf4 e6 3. e3 Bd6 4. Nf3 Ne7 5. Nbd2 c5 6. c3 Nbc6 7. dxc5 Bxc5 8. Bd3 f6 9. e4 e5 10. Bg3 Bg4 11. h3 Bh5 12. exd5 Nxd5 13. Qc2 Nce7 14.
Ne4 Qc7 15. Bb5+ Kf8 16. O-O Bxf3 17. gxf3 Bb6 18. Rad1 Rd8 19. Ba4 Nf5 20. Kh2 Nxg3 21.
fxg3 Ne3 22. Rxd8+ Qxd8 23. Qe2 Nxf1+ 24. Qxf1 g6 25. h4 Kg7 26. Bb3 Qd7 27. a4 Rd8 28. Qc4 Rc8 29. Qe2 Rd8 30. Qc4 Rc8 31. Qe2 h6 32.
Kg2 f5 33. Nd2 Re8 34. Nc4 Bc7 35. Ne3 e4 36. f4 Qd3 37. Qe1 Rd8 0-1

[Event "Early-Titled-Tuesday-Blitz-September-05-2023"]
[Site "Chess.com"]
[Date "2023.09.05"]
[Round "11"]
[White "Nick12772"]
[Black "Roedor"]
[Result "1-0"]
[WhiteElo "2339"]
[BlackElo "2426"]
[TimeControl "180+1"]
[EndTime "10:05:07 PDT"]
[Termination "Nick12772 won by checkmate"]

1. Nf3 Nf6 2. g3 g6 3. Bg2 Bg7 4. O-O O-O 5. c4 d6 6. Nc3 Nc6 7. d3 e5 8. Rb1 a5 9. a3 Nh5 10. b4 axb4 11. axb4 f5 12. Bg5 Bf6 13. Bxf6 Rxf6 14.
b5 Ne7 15. Qb3 f4 16. Ra1 Rxa1 17. Rxa1 Kg7 18. Ra8 h6 19. Nd2 Nf5 20. Nd5 Rf8 21. Ne4 Nd4 22. Qd1 fxg3 23. hxg3 c6 24. bxc6 bxc6 25.
Ne3 d5 26. cxd5 cxd5 27. Nc3 Qf6 28. Qf1 Be6 29. Rxf8 Qxf8 30. Nexd5 Bxd5 31. Nxd5 Qc5 32. Qd1 Nf5 33. e3 Nd6 34. Qa1 Nf7 35. Nf4 Nxf4 36. gxf4 Qe7 37. fxe5 Nxe5 38. d4 Ng4 39. d5+ Kh7 40.
Qd4 Qh4 41. Qf4 g5 42. Qf7+ Kh8 43. Qf8+ Kh7 44. Be4# 1-0

[Event "Early-Titled-Tuesday-Blitz-September-05-2023"]
[Site "Chess.com"]
[Date "2023.09.05"]
[Round "11"]
[White "Cheer_Down"]
[Black "Barbus89"]
[Result "0-1"]
[WhiteElo "2433"]
[BlackElo "2553"]
[TimeControl "180+1"]
[EndTime "10:05:08 PDT"]
[Termination "Barbus89 won by resignation"]

1. e4 c6 2. d4 d5 3. exd5 cxd5 4.
c4 Nf6 5. Nc3 g6 6. cxd5 Bg7 7.
g3 O-O 8. Bg2 Nbd7 9. Nge2 Nb6 10. Nf4 Bf5 11. O-O Qd7 12. Qb3 h6 13. a4 g5 14. a5 Nc8 15. Nfe2 Nd6 16. Be3 Rac8 17. a6 b6 18. Rfc1 Bd3 19. Re1 Nf5 20. Nc1 Bc4 21. Qa4 b5 22. Qb4 Nxd5 23. Nxd5 Bxd5 24. Nd3 Bxg2 25. Kxg2 Qd5+ 26. Kg1 Bxd4 27. Bxd4 Nxd4 28. Ne5 Nc2 29. Qxe7 Rce8 30. Qf6 Re6 31. Qf5 Nxa1 32. h4 Nc2 33. Qxc2 Rxe5 34. Rxe5 Qxe5 0-1

[Event "Early-Titled-Tuesday-Blitz-September-05-2023"]
[Site "Chess.com"]
[Date "2023.09.05"]
[Round "11"]
[White "Bugcrusher"]
[Black "Kurai"]
[Result "1/2-1/2"]
[WhiteElo "2372"]
[BlackElo "2706"]
[TimeControl "180+1"]
[EndTime "10:05:13 PDT"]
[Termination "Game drawn by repetition"]

1. d4 d5 2. Bf4 Nf6 3. e3 e6 4.
Nf3 Bd6 5. Nbd2 O-O 6. Bd3 b6 7. Qe2 c5 8. c3 Nc6 9. Ne5 Qc7 10. Nxc6 Qxc6 11. Nf3 Bxf4 12. exf4 cxd4 13. cxd4 Qd6 14. Ne5 Qb4+ 15. Qd2 Qxd2+ 16. Kxd2 Bd7 17. f3 Rfd8 18. Rac1 Ne8 19. Rc3 f6 20. Nxd7 Rxd7 21. Rhc1 Kf8 22. Bxh7 g5 23. Bg6 gxf4 24. Rc8 Rd8 25. Rxa8 Rxa8 26.
Bxe8 Rxe8 27. Rc7 Re7 28. Rxe7 Kxe7 29. Kc3 e5 30. Kd3 Ke6 31. Kc3 Kf5 32. Kd3 b5 33.
b4 Kg5 34. Kc3 Kg6 35. Kd3 Kf5 36. Kc3 e4 37. Kd2 e3+ 38. Ke2 Kg5 39. g3 f5 40.
Kd3 Kh5 41. Ke2 Kg5 42. Kd3 Kh5 43. Ke2 Kg5 1/2-1/2

[Event "Early-Titled-Tuesday-Blitz-September-05-2023"]
[Site "Chess.com"]
[Date "2023.09.05"]
[Round "11"]
[White "infinitegiantkiller"]
[Black "angryspacevoid"]
[Result "1/2-1/2"]
[WhiteElo "2490"]
[BlackElo "2601"]
[TimeControl "180+1"]
[EndTime "10:05:14 PDT"]
[Termination "Game drawn by repetition"]

1. Nf3 Nc6 2. g3 e5 3. Bg2 e4 4. Ng1 Nf6 5. d3 exd3 6. cxd3 d5 7. Nf3 Bf5 8. O-O Qd7 9. d4 Bh3 10. Ne5 Nxe5 11. dxe5 Bxg2 12. Kxg2 Ne4 13. Nc3 Nxc3 14.
bxc3 O-O-O 15. Qb3 Qc6 16. Kg1 h5 17. Be3 Bc5 18.
Bxc5 Qxc5 19. Rab1 Qc6 20. Qb5 Qxb5 21. Rxb5 h4 22.
Rb4 hxg3 23. hxg3 Rh5 24. f4 Rdh8 25. Kg2 g5 26. e3 g4 27. Kf2 Rh2+ 28. Ke1 Rxa2 29.
f5 Rhh2 30. Rb1 Rhe2+ 31. Kd1 Rxe3 32. e6 f6 33. Rh1 b6 34. Kc1 Rxc3+ 35. Kd1 Rxg3 36.
Kc1 Re3 37. Rb2 Ra1+ 38. Rb1 Rxb1+ 39. Kxb1 Re5 40. Rh8+ Kb7 41. Rg8 Rxf5 42. e7 Re5 43.
e8=Q Rxe8 44. Rxe8 c5 45. Re7+ Kc6 46. Rf7 a5 47.
Rxf6+ Kb5 48. Rg6 d4 49. Kc2 a4 50. Kb2 Ka5 51. Rxg4 Kb4 52. Rh4 b5 53. Rg4 Kc4 54.
Ka3 Kc3 55. Rg5 Kc4 56. Rg4 Kc3 57. Rg5 Kc4 58. Rg4 1/2-1/2

[Event "Early-Titled-Tuesday-Blitz-September-05-2023"]
[Site "Chess.com"]
[Date "2023.09.05"]
[Round "11"]
[White "the-gambler"]
[Black "Qvalda"]
[Result "1-0"]
[WhiteElo "2509"]
[BlackElo "2381"]
[TimeControl "180+1"]
[EndTime "10:05:15 PDT"]
[Termination "the-gambler won by resignation"]

1. g3 d5 2. Bg2 e5 3. Nf3 Nd7 4. d3 Bd6 5. O-O c6 6. e4 Ngf6 7. Nbd2 O-O 8. a4 dxe4 9. dxe4 Nc5 10. Qe1 a5 11. Nh4 Ne6 12. Nf5 Bc7 13. c3 Nc5 14.
Qe3 b6 15. b4 axb4 16. cxb4 Rxa4 17. Rb1 Ne6 18. Nc4 b5 19. Na5 Bxa5 20. bxa5 Rxa5 21.
Qc3 Qc7 22. Ba3 Re8 23. Bd6 Qa7 24. Bxe5 Ra3 25. Qxc6 Bd7 26. Qd6 Ra6 27. Qd1 Nf8 28. Bb2 Bxf5 29. exf5 Qd7 30. Qb3 Rb6 31. Rfd1 Qb7 32.
Bxb7 Rxb7 33. Bxf6 gxf6 34. Qf3 h6 35. Qxb7 1-0

[Event "Early-Titled-Tuesday-Blitz-September-05-2023"]
[Site "Chess.com"]
[Date "2023.09.05"]
[Round "11"]
[White "Langua_Chess"]
[Black "alpltl"]
[Result "1-0"]
[WhiteElo "2483"]
[BlackElo "2359"]
[TimeControl "180+1"]
[EndTime "10:05:15 PDT"]
[Termination "Langua_Chess won by resignation"]

1. d4 g6 2. c4 Bg7 3. Nc3 c5 4. dxc5 Bxc3+ 5. bxc3 Nf6 6. Bh6 Qa5 7. Rc1 Qxc5 8. Qd4 Na6 9. Bg7 Rg8 10. Bxf6 exf6 11.
Qxf6 Qxc4 12. e3 Qe6 13. Qd4 d5 14. Nf3 Bd7 15. Ng5 Qb6 16. Nxh7 Qxd4 17. cxd4 Ke7 18.
Bxa6 bxa6 19. Ng5 f6 20. Nf3 Bb5 21. Kd2 Rgc8 22. Rxc8 Rxc8 23. Rc1 Rh8 24. Rc7+ Kd6 25. Rxa7 g5 26. h3 Bf1 27. Ne1 Kc6 28. Rf7 Rh6 29. f3 Kb5 30. e4 dxe4 31. fxe4 Kc4 32.
Ke3 Kc3 33. e5 fxe5 34. Rxf1 exd4+ 35. Ke4 Re6+ 36. Kd5 Re2 37. Nf3 Rxg2 38. Nxd4 Rxa2 39.
Rf3+ Kb4 40. Rb3+ Ka4 41. Rg3 Rh2 42. Nf3 Rh1 43. Nxg5 Kb4 44. Nf3 a5 45. Nd4 a4 46.
Nc6+ Kb5 47. Nd4+ Kb4 48. Rd3 Rc1 49. Nc6+ Kb5 50. Nd4+ Kb4 51. h4 a3 52. Nc6+ Ka4 53. Rd4+ Kb3 54. Rb4+ Kc3 55. Rc4+ Kb2 56. Rxc1 Kxc1 57.
Nb4 Kd2 58. h5 Ke3 59. h6 Kf4 60. h7 1-0